 Dungeon Crawl Stone Soup version 0.29-a0-839-g4793fd635e (webtiles) character file.

Game seed: 12490620600875267122

1656 Malachi the Grappler (level 8, -3/74 HPs)
             Began as a Troll Monk on July 14, 2022.
             Slain by a gnoll
             ... wielding a +2 halberd of freezing
             ... led by a gnoll sergeant
              (8 damage)
             ... on level 6 of the Dungeon.
             The game lasted 00:06:23 (3927 turns).

Malachi the Grappler (Troll Monk)                   Turns: 3927, Time: 00:06:24

Health: -3/74      AC:  6    Str: 22    XL:     8   Next: 68%
Magic:  7/7        EV: 10    Int:  6    God:
Gold:   277        SH:  0    Dex: 18    Spells: 7/7 levels left

rFire   . . .      SeeInvis .     - Unarmed
rCold   . . .      Faith    .   (no shield)
rNeg    . . .      Spirit   .   f - +2 animal skin
rPois   +          Reflect  .   (helmet restricted)
rElec   .          Harm     .   (no cloak)
rCorr   .          Rampage  .   (gloves unavailable)
Will    .....                   (boots unavailable)
Stlth   ++........              (no amulet)
HPRegen 1.02/turn               j - +6 ring of dexterity
MPRegen 0.10/turn               q - ring of poison resistance

@: no status effects
A: large, unfitting armour, claws 3, regeneration 1, shaggy fur 1, tough skin 1
a: no special abilities


You were on level 6 of the Dungeon.
You visited 1 branch of the dungeon, and saw 6 of its levels.

You collected 277 gold pieces.

Inventory:

Hand Weapons
 z - a +5 dagger of venom
Missiles
 t - 3 throwing nets (quivered)
 u - 6 javelins
 v - 5 poisoned darts
Armour
 f - a +2 animal skin (worn)
Jewellery
 j - a +6 ring of dexterity (left claw)
 l - a ring of ice
 m - a ring of magical power
 o - a ring of positive energy
 q - a ring of poison resistance (right claw)
 r - a ring of flight
Wands
 p - a wand of flame (4)
 y - a wand of polymorph (8)
Scrolls
 d - a scroll of fear
 w - 2 scrolls of teleportation
Potions
 a - a potion of resistance
 b - a potion of ambrosia
 c - a potion of attraction {unknown}
 e - 2 potions of curing {unknown}
 g - 3 potions of mutation {unknown}
 h - a potion of lignification {unknown}
 i - a potion of might {unknown}
 k - 2 potions of magic {unknown}
 n - a potion of flight {unknown}
 s - a potion of berserk rage {unknown}
 x - a potion of degeneration {unknown}
 A - a potion of heal wounds {unknown}


   Skills:
 - Level 2.5 Fighting
 - Level 2.5 Dodging
 - Level 1.0 Stealth
 * Level 11.4 Unarmed Combat
 - Level 0.1 Evocations


You had 7 spell levels left.
You didn't know any spells.
Your spell library contained the following spells:

 Spells                   Type           Power      Damage    Failure   Level
 Ozocubu's Armour         Ice            0%         N/A       83%         3
 Metabolic Englaciation   Hex/Ice        0%         N/A       100%        5
 Simulacrum               Ice/Necr       0%         N/A       100%        6


Dungeon Overview and Level Annotations

Branches:
Dungeon (6/15)
 Temple: D:4-7

Altars:
Elyvilon
Hepliaklqana
Kikubaaqudgha
Ru


Innate Abilities, Weirdness & Mutations

You are too large for most types of armour.
You have claws for hands.
Your natural rate of healing is unusually fast.
You are covered in fur. (AC +1)
You have tough skin. (AC +1)


Message History

You shout for attention!
A gnoll comes into view. It is wielding a +0 spear.
The gnoll barely misses you. The gnoll closely misses you.
The gnoll hits you from afar with a +0 spear.
You scratch the gnoll.
The gnoll is heavily wounded.
You claw the gnoll!
You kill the gnoll!
The gnoll hits you but does no damage. The gnoll barely misses you.
The gnoll hits you from afar with a +2 halberd of freezing!
The gnoll freezes you.
The gnoll hits you from afar with a +0 spear.
Things that are here:
a +0 halberd; a gnoll corpse You mangle the gnoll!!
You kill the gnoll!
The gnoll hits you from afar with a +2 halberd of freezing!
The gnoll freezes you. The gnoll hits you but does no damage.
The gnoll sergeant closely misses you. The gnoll hits you with a +0 spear.
The gnoll barely misses you.
The gnoll hits you from afar with a +0 spear.
Things that are here:
a +0 spear; a gnoll corpse You mangle the gnoll!!
You kill the gnoll!
The gnoll hits you with a +2 halberd of freezing.
* * * LOW HITPOINT WARNING * * *
The gnoll freezes you.
* * * LOW HITPOINT WARNING * * *
The gnoll sergeant barely misses you. The gnoll barely misses you.
The gnoll attacks as you move away!
The gnoll hits you with a +2 halberd of freezing!
* * * LOW HITPOINT WARNING * * *
The gnoll freezes you.
* * * LOW HITPOINT WARNING * * *
The ogre attacks as you move away! The ogre hits you but does no damage.
The gnoll hits you from afar with a +2 halberd of freezing!
You die...

#. . #. .. ..
.. #. ..#.##.
.....g.##
#...ggO# #)#
#@# ## #.# .
####.####.#
#.......#.##...
#.##.#.......#
#.##....#.####
#.#####.# #
#<#####.#
#.......#


You could see an ogre and 2 gnolls.

Vanquished Creatures
  Grinder (D:5)
  Sigmund (D:2)
  An ice beast (D:4)
  2 black bears (D:4)
  4 phantoms (D:5)
  A centaur (D:5)
  A scorpion (D:5)
  A necrophage (D:4)
  3 hounds (D:5)
  2 orc priests (D:3)
  A jelly (D:4)
  Jessica (D:2)
  Terence (D:2)
  An iguana (D:4)
  An orc wizard (D:5)
  Ijyb (D:5)
  Robin (D:2)
  11 gnolls
  3 shadow imps (D:3)
  2 worms
  3 dart slugs
  10 orcs
  5 endoplasms
  11 goblins
  12 hobgoblins
  3 jackals (D:3)
  3 quokkas
  3 ball pythons
  A bat (D:3)
  3 frilled lizards
  5 kobolds
  3 rats (D:1)
102 creatures vanquished.

Vanquished Creatures (others)
  A plant (D:3)
1 creature vanquished.

Grand Total: 103 creatures vanquished

Notes
Turn   | Place    | Note
-------+----------+-------------------------------------------
     0 | D:1      | Malachi the Troll Monk began the quest for the Orb.
     0 | D:1      | Reached XP level 1. HP: 22/22 MP: 0/0
   279 | D:1      | Found a faded altar of an unknown god.
   345 | D:1      | Reached XP level 2. HP: 29/29 MP: 1/1
   733 | D:2      | Noticed Robin
   776 | D:2      | Reached skill level 4 in Unarmed Combat
   781 | D:2      | Reached XP level 3. HP: 14/36 MP: 2/2
   791 | D:2      | Noticed Terence
   800 | D:2      | Killed Terence
   830 | D:2      | Killed Robin
   831 | D:2      | Reached XP level 4. HP: 32/44 MP: 3/3
  1201 | D:2      | Noticed Sigmund
  1206 | D:2      | Killed Sigmund
  1207 | D:2      | Reached skill level 6 in Unarmed Combat
  1207 | D:2      | Reached XP level 5. HP: 47/50 MP: 4/4
  1310 | D:2      | Noticed Jessica
  1320 | D:2      | Killed Jessica
  1610 | D:3      | Found an ancient bone altar of Kikubaaqudgha.
  1618 | D:3      | Found the +3 hat of Pondering {ponderous, Will+ MP+10
                  | Int+5}
  1697 | D:3      | Found a white marble altar of Elyvilon.
  1772 | D:3      | Found a hazy altar of Hepliaklqana.
  1773 | D:3      | Found a sacrificial altar of Ru.
  1789 | D:3      | Found a transporter.
  1806 | D:3      | Found a transporter.
  1865 | D:3      | Reached XP level 6. HP: 47/59 MP: 5/5
  1929 | D:3      | Reached skill level 7 in Unarmed Combat
  2620 | D:4      | Reached XP level 7. HP: 44/66 MP: 6/6
  2693 | D:4      | Reached skill level 8 in Unarmed Combat
  3155 | D:5      | Entered Level 5 of the Dungeon
  3163 | D:5      | Reached skill level 9 in Unarmed Combat
  3168 | D:5      | Noticed Grinder
  3343 | D:5      | Killed Grinder
  3344 | D:5      | Reached skill level 10 in Unarmed Combat
  3344 | D:5      | Reached XP level 8. HP: 74/74 MP: 7/7
  3409 | D:5      | Noticed Ijyb
  3418 | D:5      | Killed Ijyb
  3708 | D:5      | Reached skill level 11 in Unarmed Combat
  3927 | D:6      | Slain by a gnoll

Illustrated notes

Levels and vault maps discovered:
D:1:      saegor_arrival_miasma, layout_basic, dreamdust_ecumenical_altar_grove
D:2:      layout_basic, minmay_misc_feat_cross, corexii_hall_statues_t,
          kennysheep_decorative_pillar, uniq_robin, uniq_jessica, uniq_sigmund,
          uniq_terence
D:3:      gammafunk_wand_slinger, layout_basic, overflow_temple_1_default,
          chequers_temple_overflow_statue_of_worship,
          mainiacjoe_overflow_boulevard
D:4:      layout_rooms, minmay_misc_feat_more_columns,
          chequers_serial_rivers_large_a
D:5:      nicolae_cairo_tiling_large, layout_cave_pools, kennysheep_crisscross,
          uniq_ijyb, uniq_grinder
D:6:      layout_loops_cross, minmay_temple_entry_stoned_glass,
          uniq_crazy_yiuf_cottage

Skill      XL: |  1  2  3  4  5  6  7  8 |
---------------+-------------------------+-----
Unarmed Combat | 4 6 7 10 11 | 11.4
Fighting       | |  2.5
Dodging        | |  2.5
Stealth        | |  1.0
Evocations     | |  0.1

Action                   |  1- 3 |  4- 6 |  7- 9 || total
-------------------------+-------+-------+-------++-------
Melee: Unarmed           |    78 |    78 |    96 ||   252
       Punch             |       |     1 |     7 ||     8
Evoke: Wand              |       |    24 |       ||    24
  Use: Scroll            |       |     8 |     3 ||    11
 Stab: Sleeping          |     2 |     3 |     3 ||     8
Armor: Robe              |    17 |       |       ||    17
       Animal skin       |       |    19 |    23 ||    42
Dodge: Dodged            |    49 |    37 |    46 ||   132

Table legend: (Time is in decaauts)
 A = Elapsed time spent in this place.
 B = Non-inter-level travel time spent in this place.
 C = Inter-level travel time spent in this place.
 D = Time resting spent in this place.
 E = Time spent auto-exploring this place.
 F = Levels seen in this place.
 G = Mean time per level.
                   A        B        C        D        E       F      G
               +--------+--------+--------+--------+--------+-----+--------+
         Total |   3906 |   3695 |    211 |    196 |   2688 |   6 |  651.0 |
       Dungeon |   3906 |   3695 |    211 |    196 |   2688 |   6 |  651.0 |
               +--------+--------+--------+--------+--------+-----+--------+

Top non-repeatable levels by time:
     D:3: 886 daAuts
     D:2: 862 daAuts
     D:4: 825 daAuts
     D:1: 731 daAuts
     D:5: 567 daAuts
     D:6: 33 daAuts
